AoeStats
← MWPS | VERGATE

Arabia

510002281Analyzed
1v1 RM · 3d ago on Sep 29, 2026· 46m 46s· 2 players
Game mode
Random Map
Map size
Tiny (2 player)
Population
200
Speed
Normal
Resources
Standard
Victory
Conquest
Starting age
Dark Age
Ending age
Imperial Age
RankedLock teamsTeams togetherTeam positionsShared explorationLock speedFull tech treeHidden civsTurbo modeCheats
Victory
Defeat
🇧🇷 Varangians · Brazil
1095
+13
🇺🇸 Berbers · United States
1036
-13
Master_Rubik_24
8:09 Loom
10:18 Feudal Age
13:11 Horse Collar
13:29 Double-Bit Axe
14:04 Forging
15:45 Bloodlines
21:27 Castle Age
20:03 Scale Barding Armor
20:58 Bloodlines
23:52 Iron Casting
23:58 Husbandry
32:25 Fletching
33:53 Bodkin Arrow
37:16 Chain Barding Armor
38:36 Ballistics
38:32 Scale Mail Armor
38:29 Pikeman
39:11 Squires
40:16 Chain Mail Armor
MWPS | VERGATE
7:19 Loom
9:41 Feudal Age
10:11 Double-Bit Axe
12:13 Bloodlines
12:19 Horse Collar
16:54 Forging
17:36 Wheelbarrow
21:36 Castle Age
20:17 Scale Barding Armor
20:47 Gold Mining
22:31 Bow Saw
24:20 Iron Casting
27:53 Pikeman
28:34 Squires
34:36 Chain Barding Armor
34:39 Elite Skirmisher
35:11 Fletching
37:46 Bodkin Arrow
37:51 Padded Archer Armor
38:01 Husbandry
41:36 Imperial Age
40:07 Leather Archer Armor
41:54 Ballistics
42:02 Vendel Legacy
44:15 Heavy Plow
44:52 Stone Mining
45:34 Conscription
44:55 Cavalier
47:19 Bracer
Connection lost

Rejoining the realm…

Still unreachable

The connection could not be restored.

Session expired

The server has moved on; the page needs a fresh start.